 Dungeon Crawl Stone Soup version 0.21.0 (webtiles) character file.

55 tidbits the Sneak (level 3, -5/14 HPs)
             Began as a Felid Air Elementalist on Jan 7, 2018.
             Was an Initiate of Cheibriados.
             Killed from afar by an orc wizard (9 damage)
             ... with a puff of flame
             ... on level 3 of the Dungeon.
             The game lasted 00:09:26 (1072 turns).

tidbits the Sneak (Felid Air Elementalist)          Turns: 1072, Time: 00:09:27

Health: -5/14      AC:  1    Str:  6    XL:     3   Next: 67%
Magic:  3/7        EV: 23    Int: 17    God:    Cheibriados [......]
Gold:   181        SH:  0    Dex: 22    Spells: 3/6 levels left
                                        Lives:  0   Deaths: 1

rFire    . . .     SeeInvis +     - Unarmed
rCold    . . .     Gourm    .   (shield unavailable)
rNeg     . . .     Faith    .   (armour unavailable)
rPois    .         Spirit   .   (helmet unavailable)
rElec    .         Reflect  .   (cloak unavailable)
rCorr    .         Harm     .   (gloves unavailable)
MR       .....                  (boots unavailable)
Stlth    ++++......             b - amulet of magic regeneration
HPRegen  0.04/turn              g - ring of loudness
MPRegen  0.35/turn              (no ring)

@: agile, slow
A: very small, no armour, no weapons or thrown items, stealth, claws 1, fangs 3,
see invisible, carnivore, speed 1, shaggy fur 1, slow metabolism 1, sharp paws
a: Bend Time, Renounce Religion


You were on level 3 of the Dungeon.
You worshipped Cheibriados.
Cheibriados was noncommittal.
You were full.

You visited 1 branch of the dungeon, and saw 4 of its levels.

You collected 181 gold pieces.

Inventory:

Jewellery
 b - an amulet of magic regeneration (around neck)
   (You found it on level 2 of the Dungeon)
 g - a ring of loudness (left paw)
   (You found it on level 3 of the Dungeon)
Wands
 h - a wand of iceblast (6)
Scrolls
 d - 2 scrolls of fog
 f - a scroll of enchant armour
 k - a scroll of enchant weapon {unknown}
 r - a scroll of remove curse
Potions
 i - a potion of mutation {unknown}
Books
 a - a book of Air

   Spells                             Type                      Level
   a - Shock                          Conjuration/Air              1
   b - Swiftness                      Charms/Air                   2
   c - Static Discharge               Conjuration/Air              3
   d - Airstrike                      Air                          4
   e - Lightning Bolt                 Conjuration/Air              5
Comestibles
 c - 3 rations


   Skills:
 - Level 2.6 Dodging
 + Level 4.4 Stealth
 * Level 3.4 Unarmed Combat
 - Level 2.0 Spellcasting
 - Level 0.8 Conjurations
 - Level 2.6 Air Magic


You had 3 spell levels left.
You knew the following spells:

 Your Spells              Type           Power        Failure   Level  Hunger
a - Shock                 Conj/Air       #...         10%         1    #......
W - Swiftness             Chrm/Air       #.......     17%         2    ###....


Dungeon Overview and Level Annotations

Branches:
Dungeon (4/15)
 Temple: D:4-7

Altars:
Cheibriados
Qazlal
Sif Muna
Uskayaw
Zin


Innate Abilities, Weirdness & Mutations

You cannot wear armour.
You are incapable of wielding weapons or throwing items.
Your paws allow you to move quietly. (Stealth)
You have sharp claws.
You have razor-sharp teeth.
You have supernaturally acute eyesight. (SInv)
You are carnivorous and can eat meat at any time.
You cover ground quickly.
You are covered in fur. (AC +1)
You have a slow metabolism.
Your sharp claws are effective at attacking unaware monsters.


Message History

Confirm with . or Enter, or press ? or * to list all spells.
Aiming: Shock
Press: ? - help, Shift-Dir - straight line The zap hits the adder skeleton.
The adder skeleton is heavily damaged.
The zap hits the adder skeleton.
The adder skeleton is almost destroyed.
The adder skeleton misses you. The hobgoblin closely misses you.
Casting: Shock
Confirm with . or Enter, or press ? or * to list all spells.
Aiming: Shock
Press: ? - help, Shift-Dir - straight line The zap hits the adder skeleton.
You destroy the adder skeleton!
Cheibriados appreciates the change of pace.
The hobgoblin barely misses you.
You see here 15 stones.
You scratch the hobgoblin but do no damage.
Your claw misses the hobgoblin. You scratch the hobgoblin.
The hobgoblin is lightly wounded.
The hobgoblin hits you with a club.
You closely miss the hobgoblin.
The hobgoblin is lightly wounded.
The hobgoblin closely misses you.
The orc wizard gestures wildly while chanting.
The orc wizard flickers and vanishes for a moment.
You scratch the hobgoblin.
The hobgoblin is almost dead.
The hobgoblin completely misses you.
You scratch the hobgoblin.
You kill the hobgoblin!
Cheibriados appreciates the change of pace.
You closely miss the giant cockroach. The giant cockroach bites you.
Okay, then.
Casting: Shock
Confirm with . or Enter, or press ? or * to list all spells.
Aiming: Shock
Press: ? - help, Shift-Dir - straight line The zap hits the giant cockroach.
The giant cockroach is lightly wounded.
The zap hits the giant cockroach.
The giant cockroach is heavily wounded.
The zap hits the goblin.
The goblin is severely wounded.
The giant cockroach bites you.
* * * LOW HITPOINT WARNING * * *
Casting: Shock
Confirm with . or Enter, or press ? or * to list all spells.
Aiming: Shock
Press: ? - help, Shift-Dir - straight line The zap hits the giant cockroach.
The giant cockroach is severely wounded.
The zap misses the giant cockroach.
The zap hits the goblin.
You kill the goblin!
Cheibriados appreciates the change of pace.
The giant cockroach barely misses you.
It was a potion of agility.
You feel agile all of a sudden.
The giant cockroach closely misses you. x2
Unknown command.
Casting: Shock
Confirm with . or Enter, or press ? or * to list all spells.
Aiming: Shock
Press: ? - help, Shift-Dir - straight line The zap hits the giant cockroach.
The giant cockroach appears unharmed.
The giant cockroach is severely wounded.
The zap hits the giant cockroach.
You kill the giant cockroach!
Cheibriados appreciates the change of pace.
The zap hits the orc wizard.
The orc wizard is lightly wounded.
Casting: Shock
Confirm with . or Enter, or press ? or * to list all spells.
Aiming: Shock
Press: ? - help, Shift-Dir - straight line The zap hits the orc wizard.
The orc wizard is moderately wounded.
The zap hits the orc wizard.
The orc wizard is heavily wounded.
The orc wizard closely misses you.
Casting: Shock
Confirm with . or Enter, or press ? or * to list all spells.
Aiming: Shock
Press: ? - help, Shift-Dir - straight line The zap hits the orc wizard.
The orc wizard is severely wounded.
The zap misses the orc wizard.
The orc wizard hits you with a dagger.
* * * LOW HITPOINT WARNING * * *
Casting: Shock
Confirm with . or Enter, or press ? or * to list all spells.
Aiming: Shock
Press: ? - help, Shift-Dir - straight line The zap hits the orc wizard.
The orc wizard is almost dead.
The zap misses the orc wizard.
The orc wizard casts a spell at you. The puff of flame hits you!
Ouch! That really hurt!
You die...

#§....#
#...##.#(..#.....
###.###
#.####.#####..#
#..# #.#
#.†......### #.##
#.# #######.....
#. #.# #.#.#.#
..### #.#
#.##.#.. ..##...
#)# #. #.... .#
#..##o# # ###).
.. #..@.# #.#
#..#### ..# #...
#.. ### ### ..#
#.# #.#


You could see an orc wizard (invisible).

Vanquished Creatures
  An orc wizard (D:3)
  2 adders
  An ooze (D:1)
  An adder skeleton (D:3)
  2 worms (D:2)
  A dart slug (D:1)
  2 leopard geckos
  2 orcs (D:3)
  3 giant cockroaches
  3 hobgoblins
  3 jackals (D:1)
  A quokka (D:4)
  A ball python (D:2)
  4 bats
  4 frilled lizards
  4 goblins
  2 kobolds
  3 rats
40 creatures vanquished.

Notes
Turn   | Place    | Note
-------+----------+-------------------------------------------
     0 | D:1      | tidbits the Felid Air Elementalist began the quest for the Orb.
     0 | D:1      | Reached XP level 1. HP: 7/7 MP: 4/4
    26 | D:1      | Reached skill level 3 in Stealth
    90 | D:1      | Reached skill level 1 in Unarmed Combat
   166 | D:1      | Reached XP level 2. HP: 11/11 MP: 4/6
   170 | D:1      | Learned a level 2 spell: Swiftness
   432 | D:2      | Reached skill level 2 in Unarmed Combat
   496 | D:2      | Reached XP level 3. HP: 14/14 MP: 1/7
   627 | D:2      | Found a deep blue altar of Sif Muna.
   746 | D:2      | You fall through a shaft for 2 floors!
   747 | D:4      | Found a snail-covered altar of Cheibriados.
   752 | D:4      | Became a worshipper of Cheibriados the Contemplative
   907 | D:3      | Reached skill level 4 in Stealth
   907 | D:3      | Reached skill level 3 in Unarmed Combat
   907 | D:3      | Reached XP level 4. HP: 5/18 MP: 8/8
   929 | D:3      | Found a glowing silver altar of Zin.
   931 | D:3      | Slain by an orc
   932 | D:3      | Reached XP level 3. HP: 0/14 MP: 7/7
   983 | D:3      | Noticed a hand axe
   983 | D:3      | Noticed a hand axe
   984 | D:3      | Found a hide-covered altar of Uskayaw.
  1024 | D:3      | Found a stormy altar of Qazlal.
  1072 | D:3      | Killed from afar by an orc wizard

Skill      XL: |  1  2  3 |
---------------+----------+-----
Stealth        | 3 4 |  4.4
Unarmed Combat | 1 2 3 |  3.4
Dodging        | |  2.6
Spellcasting   | |  2.0
Conjurations   | |  0.8
Air Magic      | |  2.6

Action                   |  1- 3 |  4- 6 || total
-------------------------+-------+-------++-------
Melee: Unarmed           |    64 |     1 ||    65
       Bite              |     5 |       ||     5
 Cast: Shock             |    46 |       ||    46
  Use: Scroll            |     3 |       ||     3
       Potion            |     2 |       ||     2
 Stab: Sleeping          |    11 |       ||    11
       Distracted        |     1 |       ||     1
  Eat: Chunk             |     7 |       ||     7
Armor: Skin              |     5 |       ||     5
Dodge: Dodged            |    78 |       ||    78

Table legend:
 A = Turns spent in this place as a percentage of turns spent in the entire game.
 B = Non-inter-level travel turns spent in this place as a percentage of non-inter-level travel turns spent in the entire game.
 C = Inter-level travel turns spent in this place as a percentage of turns spent in this place.
 D = Turns resting spent in this place as a percentage of non-inter-level travel turns spent in this place.
 E = Turns spent auto-exploring this place as a percentage of non-inter-level travel turns spent in this place.
 F = Non-inter-level travel turns spent in this place divided by the number of levels of this place that you've seen.
                   A       B       C       D       E      F
               +-------+-------+-------+-------+-------+----------------------
         Total | 100.0 | 100.0 |   1.6 |   0.0 |   0.0 | 263.8
       Dungeon | 100.0 | 100.0 |   1.6 |   0.0 |   0.0 | 263.8
               +-------+-------+-------+-------+-------+----------------------

Table legend:
 A = Kills in this place as a percentage of kills in entire the game.
 B = Kills by you in this place as a percentage of kills by you in the entire game.
 C = Kills by friends in this place as a percentage of kills by friends in the entire game.
 D = Other kills in this place as a percentage of other kills in the entire game.
 E = Experience gained in this place as a percentage of experience gained in the entire game.
 F = Experience gained in this place divided by the number of levels of this place that you have seen.
                   A       B       C       D       E      F
               +-------+-------+-------+-------+-------+----------------------
         Total | 100.0 | 100.0 |   N/A |   N/A | 100.0 |  36.2
       Dungeon | 100.0 | 100.0 |   N/A |   N/A | 100.0 |  36.2
               +-------+-------+-------+-------+-------+----------------------

Vault maps used:
D:1:      mrwooster_arrival_statue_2
D:2:      old_standard_altar, doesnt_xom_only_xom, grunt_ministairs_11
D:3:      grunt_qazlal_clouds, dancing_weapons_uskayaw, lemuel_crystal_altar
D:4:      nicolae_overflow_crystal_walls, lemuel_crystal_altar, first_ration,
          minmay_misc_feat_ornament
